 Dungeon Crawl Stone Soup version 0.22-a0-398-g8bb545f (webtiles) character file.

186 shitimlost the Sneak (level 5, -1/39 HPs)
             Began as a Vampire Assassin on May 5, 2018.
             Slain by a quokka (2 damage)
             ... summoned by Eustachio
             ... on level 4 of the Dungeon.
             The game lasted 00:07:29 (4384 turns).

shitimlost the Sneak (Vampire Assassin)             Turns: 4384, Time: 00:07:30

Health: -1/39      AC:  3    Str: 11    XL:     5   Next: 38%
Magic:  5/5        EV: 13    Int: 14    God:
Gold:   169        SH:  0    Dex: 15    Spells: 4/4 levels left

rFire    . . .     SeeInvis +   a - +2 dagger
rCold    . . .     Gourm    .   (no shield)
rNeg     + . .     Faith    .   c - +0 robe
rPois    .         Spirit   .   (no helmet)
rElec    .         Reflect  .   d - +0 cloak
rCorr    .         Harm     .   (no gloves)
MR       .....                  (no boots)
Stlth    +++.......             (no amulet)
HPRegen  0.13/turn              (no ring)
MPRegen  0.09/turn              (no ring)

@: about to teleport
A: fangs 3, see invisible, unbreathing
a: Bat Form


You were on level 4 of the Dungeon.
You were not thirsty.

You visited 1 branch of the dungeon, and saw 4 of its levels.

You collected 169 gold pieces.

Inventory:

Hand Weapons
 a - a +2 dagger (weapon)
 b - a +1 blowgun
 r - a +1 war axe of distortion
Missiles
 e - 24 poisoned needles
 i - 119 stones (quivered)
Armour
 c - a +0 robe (worn)
 d - a +0 cloak (worn)
 q - a +0 ring mail
Jewellery
 j - a +3 ring of dexterity {unknown}
Scrolls
 n - 2 scrolls of teleportation
 p - a scroll of enchant weapon
Potions
 g - 13 potions of blood
 h - a potion of curing
 k - a potion of degeneration
 l - 2 potions of brilliance {unknown}


   Skills:
 + Level 2.7 Fighting
 + Level 3.2 Short Blades
 + Level 2.5 Throwing
 + Level 2.7 Dodging
 + Level 6.9 Stealth


You had 4 spell levels left.
You didn't know any spells.

Dungeon Overview and Level Annotations

Branches:
Dungeon (4/15)
 Temple: D:4-7

Altars:
Fedhas
Kikubaaqudgha

Annotations:
D:4 Eustachio


Innate Abilities, Weirdness & Mutations

You have razor-sharp teeth.
You have supernaturally acute eyesight. (SInv)
You can survive without breathing.


Message History

* * * LOW HITPOINT WARNING * * *
As you read the scroll of teleportation, it crumbles to dust.
You feel strangely unstable. The phantom barely misses you.
The quokka bites you.
* * * LOW HITPOINT WARNING * * *
You miss the phantom. Your bite misses the phantom.
The phantom is lightly damaged.
The quokka bites you.
* * * LOW HITPOINT WARNING * * *
The phantom hits you.
* * * LOW HITPOINT WARNING * * *
The phantom blinks!
The quokka barely misses you.
You hit the phantom. You bite the phantom, but do no damage.
The phantom is moderately damaged.
The phantom closely misses you. The quokka closely misses you.
You hit the phantom but do no damage.
The phantom is moderately damaged.
The quokka bites you.
You die...

### #.########
#..ยง.....#
#.######.#
#.#....#.#
#W#<...#.#
#@#.#..#.#
#r#.####.#######
#r#.............
#r#####.........
##5## #.........
#5@r# ##########
#...#
#########...#
...........##


You could see Eustachio, a phantom, an iron imp, a crimson imp, 2 river rats and
2 quokkas.

Vanquished Creatures
  An orc wizard (D:3)
  8 adders
  A worm (D:2)
  2 dart slugs
  2 leopard geckos
  3 orcs (D:3)
  A ball python (D:1)
  2 bat zombies (D:3)
  7 giant cockroaches
  5 goblins
  7 hobgoblins
  5 jackals (D:1)
  10 bats
  3 frilled lizards
  10 kobolds
  5 rats
  2 rat zombies (D:3)
74 creatures vanquished.

Notes
Turn   | Place    | Note
-------+----------+-------------------------------------------
     0 | D:1      | shitimlost the Vampire Assassin began the quest for the Orb.
     0 | D:1      | Reached XP level 1. HP: 16/16 MP: 1/1
   345 | D:1      | Reached skill level 6 in Stealth
   349 | D:1      | Reached XP level 2. HP: 16/22 MP: 2/2
  1038 | D:1      | Reached XP level 3. HP: 20/27 MP: 3/3
  2060 | D:2      | Reached XP level 4. HP: 33/33 MP: 4/4
  3522 | D:3      | Found an ancient bone altar of Kikubaaqudgha.
  3602 | D:3      | Reached XP level 5. HP: 39/39 MP: 5/5
  3897 | D:3      | Found a blossoming altar of Fedhas.
  4312 | D:4      | Noticed Eustachio
  4350 | D:4      | Noticed a phantom
  4381 | D:4      | HP: 1/39 [phantom (2)]
  4384 | D:4      | Slain by a quokka

Vault maps used:
D:1:      dpeg_arrival_court
D:2:      serial_co_window_serial, co_window_paths_a,
          co_window_of_opportunity_a, co_window_of_opportunity_a,
          co_window_corner_a, co_window_corner_a, co_window_paths_b,
          co_window_corner_a, co_window_cross_2, co_window_corner_b,
          co_window_unsneaky_path_c, co_window_broadway_a,
          co_window_unsneaky_path_b, co_window_4corner_b, glass_columns_a,
          glass_columns_b, glass_columns_b, glass_columns_c, glass_columns_a
D:3:      lemuel_zombie_altar_kikubaaqudgha, old_standard_altar, first_ration
D:4:      nicolae_ashenzari_panopticon, uniq_eustachio

Skill      XL: |  1  2  3  4 |
---------------+-------------+-----
Stealth        | 6 |  6.9
Fighting       | 2 |  2.7
Throwing       | 2 |  2.5
Dodging        | 2 |  2.7
Short Blades   | 3 |  3.2

Action                   |  1- 3 |  4- 6 || total
-------------------------+-------+-------++-------
Melee: Dagger            |   121 |   149 ||   270
       Bite              |    11 |    12 ||    23
       Unarmed           |       |     3 ||     3
 Fire: Blowgun           |       |    12 ||    12
 Abil: End Transformatio |       |     1 ||     1
       Bat Form          |       |     1 ||     1
  Use: Potion            |     2 |     7 ||     9
       Scroll            |       |     6 ||     6
 Stab: Sleeping          |    11 |    10 ||    21
Armor: Robe              |    42 |    38 ||    80
Dodge: Dodged            |    68 |   100 ||   168

Table legend:
 A = Spawn XP
 B = Non-spawn XP
 C = Spawn XP percentage of total XP
 D = Spawn monster count
 E = Non-spawn monster count
 F = Spawn count percentage of total count
 G = Total turns spent on level
                    A         B        C        D         E        F      G
               +---------+---------+-------+---------+---------+-------+---------
         Total |       0 |     266 |   0.0 |       0 |      74 |   0.0 |  4384
               +---------+---------+-------+---------+---------+-------+---------
           D:1 |       0 |      56 |   0.0 |       0 |      32 |   0.0 |  1669
           D:2 |       0 |     106 |   0.0 |       0 |      25 |   0.0 |  1360
           D:3 |       0 |     104 |   0.0 |       0 |      17 |   0.0 |  1251
               +---------+---------+-------+---------+---------+-------+---------
